3AAA
ALASKAN HUMPBACKS @ GRYFINDOR BRAVES
09/16/2022
 
TOP OF THE 1ST
Alaskan Humpbacks batting - Pitching for Gryfindor Braves : RHP Jim Unknown
Pitching: RHP Jim Unknown
Batting: RHB Dave O'Day 0-0: Called Strike
0-1: Called Strike
0-2: Ball
1-2: Ball
2-2: Ball
3-2: Base on Balls
Batting: RHB Iván Hernández 0-0: Called Strike
0-1: Ball
1-1: Foul Ball, location: 2F
1-2: Ball
2-2: Fly out, F8 (Flyball, 8LXD)
Batting: SHB Al Anderson 0-0: Called Strike
0-1: Ball
1-1: Foul Ball, location: 2F
1-2: Foul Ball, location: 2F
1-2: Grounds into double play, 4-6-3 (Groundball, 4)
Top of the 1st over - 0 run(s), 0 hit(s), 0 error(s), 0 left on base; Alaskan 0 - Gryfindor 0
BOTTOM OF THE 1ST
Gryfindor Braves batting - Pitching for Alaskan Humpbacks : RHP Jim Unknown
Pitching: RHP Jim Unknown
Batting: RHB António Martínez 0-0: Called Strike
0-1: Foul Ball, location: 2F
0-2: Foul Ball, location: 2F
0-2: Ball
1-2: Ball
2-2: Foul Ball, location: 2F
2-2: DOUBLE (Flyball, 78D)
Batting: RHB Jay Parker 0-0: Ball
1-0: Ball
2-0: Ball
3-0: Called Strike
3-1: Base on Balls
Batting: LHB Nathan Tanner 0-0: Ball
1-0: Fly out, F9 (Line Drive, 9LM)
Batting: RHB Rafael Arredondo 0-0: Swinging Strike
0-1: Fielders Choice at 2nd, U6 (Groundball, 6M)
António Martínez to third
Batting: LHB Júlio Valentín 0-0: Ball
1-0: Ball
2-0: Called Strike
2-1: Swinging Strike
2-2: Ground out 6-3 (Groundball, 6M)
Bottom of the 1st over - 0 run(s), 1 hit(s), 0 error(s), 2 left on base; Alaskan 0 - Gryfindor 0
TOP OF THE 2ND
Alaskan Humpbacks batting - Pitching for Gryfindor Braves : RHP Jim Unknown
Batting: RHB Juan Tapia 0-0: Ball
1-0: Ball
2-0: Called Strike
2-1: Foul Ball, location: 2F
2-2: Ball
3-2: Base on Balls
Batting: RHB Joe Craig 0-0: DOUBLE (Line Drive, 9LS)
Juan Tapia to third
Batting: RHB Juan García 0-0: Ball
1-0: Ball
2-0: Ball
3-0: Called Strike
3-1: Base on Balls
Batting: LHB Paco Hernández 0-0: Ball
1-0: Swinging Strike
1-1: Called Strike
1-2: Foul Ball, location: 2F
1-2: Fly out, F4 (Popup, 4)
Batting: LHB Andrés Ibarra 0-0: Called Strike
0-1: Ball
Wild Pitch!
Juan Tapia scores
Joe Craig to third
Juan García to second
1-1: Ball
2-1: Ground out 1-3 (Groundball, 2L)
Batting: SHB Josef Koper 0-0: Swinging Strike
0-1: Ball
1-1: Fly out, F8 (Flyball, 8LM)
Top of the 2nd over - 1 run(s), 1 hit(s), 0 error(s), 2 left on base; Alaskan 1 - Gryfindor 0
BOTTOM OF THE 2ND
Gryfindor Braves batting - Pitching for Alaskan Humpbacks : RHP Jim Unknown
Batting: SHB Alonso Márquez 0-0: Called Strike
0-1: Called Strike
0-2: SINGLE (Groundball, 25) (infield hit)
Batting: RHB Jim Unknown 0-0: Ball
1-0: SINGLE (Line Drive, 78S)
Alonso Márquez to second
Batting: RHB Jim Unknown 0-0: Swinging Strike
0-1: Foul Ball, location: 2F
0-2: Ball
1-2: Foul Ball, location: 2F
1-2: Ball
2-2: Grounds into double play, 6-4-3 (Groundball, 6M)
Alonso Márquez to third
Batting: RHB Jim Unknown 0-0: Called Strike
0-1: Ball
1-1: Ball
2-1: Swinging Strike
2-2: Ball
3-2: Fly out, F4 (Popup, 3D)
Bottom of the 2nd over - 0 run(s), 2 hit(s), 0 error(s), 1 left on base; Alaskan 1 - Gryfindor 0
TOP OF THE 3RD
Alaskan Humpbacks batting - Pitching for Gryfindor Braves : RHP Jim Unknown
Batting: RHB Dave O'Day 0-0: Ball
1-0: Called Strike
1-1: Foul Ball, location: 2F
1-2: Foul Ball, location: 2F
1-2: Ball
2-2: Foul Ball, location: 2F
2-2: Foul Ball, location: 2F
2-2: Ball
3-2: SINGLE (Line Drive, 78S)
Batting: RHB Iván Hernández 0-0: Called Strike
Dave O'Day steals 2nd base
0-1: SINGLE (Line Drive, 4D)
Dave O'Day to third
Runner from 3rd tries for Home, SAFE, throw made home
Iván Hernández to second
Batting: SHB Al Anderson 0-0: Called Strike
0-1: Ball
1-1: Called Strike
1-2: Ball
2-2: SINGLE (Groundball, 34D)
Iván Hernández to third
Batting: RHB Juan Tapia 0-0: Ball
1-0: Foul Ball, location: 2F
1-1: Foul Ball, location: 2F
1-2: Foul Ball, location: 2F
1-2: Strikes out swinging
Batting: RHB Joe Craig 0-0: Ball
1-0: Swinging Strike
1-1: Ball
2-1: Ball
3-1: Called Strike
3-2: SINGLE (Line Drive, 9S)
Iván Hernández scores
Al Anderson to second
Batting: RHB Juan García 0-0: Ball
1-0: Fly out, F5 (Popup, 25F)
Batting: LHB Paco Hernández 0-0: Fly out, F8 (Flyball, 89M)
Top of the 3rd over - 2 run(s), 4 hit(s), 0 error(s), 2 left on base; Alaskan 3 - Gryfindor 0
BOTTOM OF THE 3RD
Gryfindor Braves batting - Pitching for Alaskan Humpbacks : RHP Jim Unknown
Batting: RHB António Martínez 0-0: Ball
1-0: Swinging Strike
1-1: SINGLE (Line Drive, 8LS)
Batting: RHB Jay Parker 0-0: Ball
1-0: Ground out 6-3 (Groundball, 6S)
António Martínez to second
Batting: LHB Nathan Tanner 0-0: Called Strike
0-1: Ball
1-1: Ball
2-1: Foul Ball, location: 2F
2-2: Ball
3-2: Base on Balls
Batting: RHB Rafael Arredondo 0-0: Called Strike
0-1: Swinging Strike
0-2: Foul Ball, location: 2F
0-2: Foul Ball, location: 2F
0-2: Ball
1-2: Foul Ball, location: 2F
1-2: Strikes out swinging
Batting: LHB Júlio Valentín 0-0: Called Strike
0-1: Called Strike
0-2: Ball
1-2: Strikes out looking
Bottom of the 3rd over - 0 run(s), 1 hit(s), 0 error(s), 2 left on base; Alaskan 3 - Gryfindor 0
TOP OF THE 4TH
Alaskan Humpbacks batting - Pitching for Gryfindor Braves : RHP Jim Unknown
Batting: LHB Andrés Ibarra 0-0: Ball
1-0: Ball
2-0: Swinging Strike
2-1: Foul Ball, location: 2F
2-2: Ball
3-2: Ground out 6-3 (Groundball, 6)
Batting: SHB Josef Koper 0-0: Ball
1-0: Ball
2-0: SINGLE (Line Drive, 8RS)
Batting: RHB Dave O'Day 0-0: Ball
1-0: Swinging Strike
1-1: Foul Ball, location: 2F
1-2: Ball
2-2: Fly out, F9 (Flyball, 89M)
Batting: RHB Iván Hernández 0-0: Ball
1-0: Foul Ball, location: 2F
1-1: Called Strike
Josef Koper steals 2nd base
1-2: Reached on Error, E9 (Flyball, 9M)
Josef Koper scores
Batting: SHB Al Anderson 0-0: Ball
1-0: DOUBLE (Line Drive, 9LM)
Iván Hernández scores
Batting: RHB Juan Tapia 0-0: Foul Ball, location: 2F
0-1: Ball
1-1: Ball
2-1: Ball
3-1: Foul Ball, location: 2F
3-2: Foul Ball, location: 2F
3-2: Foul Ball, location: 2F
3-2: DOUBLE (Flyball, 7LM)
Al Anderson scores
Batting: RHB Joe Craig 0-0: Ball
1-0: Foul Ball, location: 2F
1-1: Swinging Strike
1-2: Ball
2-2: Fly out, F2 (Popup, 2LF)
Top of the 4th over - 3 run(s), 3 hit(s), 1 error(s), 1 left on base; Alaskan 6 - Gryfindor 0
BOTTOM OF THE 4TH
Gryfindor Braves batting - Pitching for Alaskan Humpbacks : RHP Jim Unknown
Batting: SHB Alonso Márquez 0-0: Called Strike
0-1: Ball
1-1: Ball
2-1: Swinging Strike
2-2: Fly out, F5 (Popup, 5F)
Batting: RHB Jim Unknown 0-0: Ball
1-0: Ball
2-0: Ball
3-0: Called Strike
3-1: Fly out, F7 (Flyball, 7M)
Batting: RHB Jim Unknown 0-0: Ball
1-0: Called Strike
1-1: Ball
2-1: Foul Ball, location: 2F
2-2: Strikes out swinging
Bottom of the 4th over - 0 run(s), 0 hit(s), 0 error(s), 0 left on base; Alaskan 6 - Gryfindor 0
TOP OF THE 5TH
Alaskan Humpbacks batting - Pitching for Gryfindor Braves : RHP Jim Unknown
Batting: RHB Juan García 0-0: Called Strike
0-1: Called Strike
0-2: Ball
1-2: Ball
2-2: SINGLE (Flyball, 7LM)
Pitching: RHP Gabe Stephenson
Batting: LHB Paco Hernández 0-0: Bunted foul
0-1: Ball
1-1: Ball
2-1: Bunted foul
2-2: Foul Ball, location: 2F
2-2: Ball
3-2: Grounds into double play, 1-4-3 (Groundball, 13S)
Batting: LHB Andrés Ibarra 0-0: Ground out 6-3 (Groundball, 6)
Top of the 5th over - 0 run(s), 1 hit(s), 0 error(s), 0 left on base; Alaskan 6 - Gryfindor 0
BOTTOM OF THE 5TH
Gryfindor Braves batting - Pitching for Alaskan Humpbacks : RHP Jim Unknown
Batting: RHB Jim Unknown 0-0: Ball
1-0: Ground out 5-3 (Groundball, 5)
Batting: RHB António Martínez 0-0: Called Strike
0-1: Swinging Strike
0-2: Ball
1-2: Ball
2-2: Foul Ball, location: 2F
2-2: Foul Ball, location: 2F
2-2: Ball
3-2: Ground out 6-3 (Groundball, 6)
Batting: RHB Jay Parker 0-0: Fly out, F8 (Line Drive, 8LD)
Bottom of the 5th over - 0 run(s), 0 hit(s), 0 error(s), 0 left on base; Alaskan 6 - Gryfindor 0
TOP OF THE 6TH
Alaskan Humpbacks batting - Pitching for Gryfindor Braves : RHP Gabe Stephenson
Batting: SHB Josef Koper 0-0: Ball
1-0: Fly out, F6 (Popup, 6M)
Batting: RHB Dave O'Day 0-0: Called Strike
0-1: Foul Ball, location: 2F
0-2: Ball
1-2: Ball
2-2: Strikes out looking
Batting: RHB Iván Hernández 0-0: Ball
1-0: Foul Ball, location: 2F
1-1: Ball
2-1: Ball
3-1: Called Strike
3-2: Base on Balls
Batting: SHB Al Anderson 0-0: Ball
1-0: Ball
Iván Hernández steals 2nd base
2-0: Ball
3-0: Called Strike
3-1: Base on Balls
Batting: RHB Juan Tapia 0-0: Called Strike
0-1: Foul Ball, location: 2F
0-2: Strikes out looking
Top of the 6th over - 0 run(s), 0 hit(s), 0 error(s), 2 left on base; Alaskan 6 - Gryfindor 0
BOTTOM OF THE 6TH
Gryfindor Braves batting - Pitching for Alaskan Humpbacks : RHP Jim Unknown
Batting: LHB Nathan Tanner 0-0: Called Strike
0-1: Ball
1-1: Fly out, F8 (Flyball, 8LXD)
Batting: RHB Rafael Arredondo 0-0: Ball
1-0: Ball
2-0: Ground out 6-3 (Groundball, 6)
Batting: LHB Júlio Valentín 0-0: Ball
1-0: Ball
2-0: Ball
3-0: Fly out, F8 (Flyball, 8LM)
Bottom of the 6th over - 0 run(s), 0 hit(s), 0 error(s), 0 left on base; Alaskan 6 - Gryfindor 0
TOP OF THE 7TH
Alaskan Humpbacks batting - Pitching for Gryfindor Braves : RHP Gabe Stephenson
Batting: RHB Joe Craig 0-0: Ball
1-0: Called Strike
1-1: Foul Ball, location: 2F
1-2: SINGLE (Line Drive, 3D)
Batting: RHB Juan García 0-0: Ball
1-0: Sac Bunt - play at first, batter OUT! 3-4
Joe Craig to second
Batting: LHB Paco Hernández 0-0: Ball
1-0: Ball
2-0: Ball
3-0: Base on Balls
Batting: LHB Andrés Ibarra 0-0: Foul Ball, location: 2F
0-1: Swinging Strike
0-2: Foul Ball, location: 2F
0-2: Ball
1-2: Strikes out swinging
Batting: SHB Josef Koper 0-0: Called Strike
0-1: Swinging Strike
0-2: Strikes out looking
Top of the 7th over - 0 run(s), 1 hit(s), 0 error(s), 2 left on base; Alaskan 6 - Gryfindor 0
BOTTOM OF THE 7TH
Gryfindor Braves batting - Pitching for Alaskan Humpbacks : RHP Jim Unknown
Batting: SHB Alonso Márquez 0-0: Foul Ball, location: 2F
0-1: Fly out, F5 (Popup, 5F)
Batting: RHB Jim Unknown 0-0: Ball
1-0: Called Strike
1-1: Foul Ball, location: 2F
1-2: Foul Ball, location: 2F
1-2: Foul Ball, location: 2F
1-2: Foul Ball, location: 2F
1-2: Strikes out swinging
Batting: RHB Jim Unknown 0-0: Called Strike
0-1: Ground out 6-3 (Groundball, 56)
Bottom of the 7th over - 0 run(s), 0 hit(s), 0 error(s), 0 left on base; Alaskan 6 - Gryfindor 0
TOP OF THE 8TH
Alaskan Humpbacks batting - Pitching for Gryfindor Braves : RHP Gabe Stephenson
Batting: RHB Dave O'Day 0-0: Ball
1-0: SINGLE (Groundball, 56S) (infield hit)
Batting: RHB Iván Hernández 0-0: Called Strike
0-1: Bunted foul
0-2: SINGLE (Line Drive, 56)
Dave O'Day to second
Pitching: LHP Jim Unknown
Batting: SHB Al Anderson 0-0: Grounds into double play, 6-4-3 (Groundball, 6)
Dave O'Day to third
Batting: RHB Juan Tapia 0-0: Foul Ball, location: 2F
0-1: SINGLE (Groundball, 5D)
Dave O'Day scores
Batting: RHB Joe Craig 0-0: Fly out, F9 (Flyball, 89M)
Top of the 8th over - 1 run(s), 3 hit(s), 0 error(s), 1 left on base; Alaskan 7 - Gryfindor 0
BOTTOM OF THE 8TH
Gryfindor Braves batting - Pitching for Alaskan Humpbacks : RHP Jim Unknown
Pitching: RHP Jim Unknown
Now at 1B: Fernando Camacho
Batting: RHB Jim Unknown 0-0: Foul Ball, location: 2F
0-1: Ball
1-1: Ball
2-1: Foul Ball, location: 2F
2-2: Foul Ball, location: 2F
2-2: Strikes out swinging
Batting: RHB António Martínez 0-0: Ball
1-0: Called Strike
1-1: Ball
2-1: Ball
3-1: Base on Balls
Batting: RHB Jay Parker 0-0: Called Strike
0-1: Ball
1-1: Fly out, F9 (Flyball, 9M)
Batting: LHB Nathan Tanner 0-0: Called Strike
0-1: Ground out 4-3 (Groundball, 4)
Bottom of the 8th over - 0 run(s), 0 hit(s), 0 error(s), 1 left on base; Alaskan 7 - Gryfindor 0
TOP OF THE 9TH
Alaskan Humpbacks batting - Pitching for Gryfindor Braves : LHP Jim Unknown
Pitching: RHP Jim Unknown
Batting: RHB Juan García 0-0: Called Strike
0-1: Fly out, F8 (Flyball, 8RM)
Batting: LHB Paco Hernández 0-0: Called Strike
0-1: Ball
1-1: Ball
2-1: Ball
3-1: Swinging Strike
3-2: Base on Balls
Batting: LHB Andrés Ibarra 0-0: Called Strike
0-1: Ball
1-1: Swinging Strike
1-2: SINGLE (Groundball, 34)
Paco Hernández to second
Runner from 2nd tries for 3rd, SAFE, throw made to third
Batting: SHB Josef Koper Pickoff Throw to First - Out!
Pinch Hitting: RHB Jim Unknown 0-0: Foul Ball, location: 2F
0-1: Ball
1-1: Ground out 5-3 (Groundball, 56S)
Top of the 9th over - 0 run(s), 1 hit(s), 0 error(s), 1 left on base; Alaskan 7 - Gryfindor 0
BOTTOM OF THE 9TH
Gryfindor Braves batting - Pitching for Alaskan Humpbacks : RHP Jim Unknown
Now in LF: Jim Unknown
Batting: RHB Rafael Arredondo 0-0: Ground out 1-3 (Groundball, 25)
Batting: LHB Júlio Valentín 0-0: Swinging Strike
0-1: SINGLE (Flyball, 9LS)
Batting: SHB Alonso Márquez 0-0: Called Strike
0-1: Ball
1-1: Fly out, F2 (Popup, 2LF)
Batting: RHB Jim Unknown 0-0: Called Strike
0-1: Swinging Strike
0-2: Foul Ball, location: 2F
0-2: Strikes out swinging
Bottom of the 9th over - 0 run(s), 1 hit(s), 0 error(s), 1 left on base; Alaskan 7 - Gryfindor 0
This league is powered by Out of the Park Baseball, the baseball management simulation game for PC, Mac and Linux
Friday, April 15th, 2016 - OOTP Baseball 16.9 Build 39